 Dungeon Crawl Stone Soup version 0.30.0-5-g1a98f26d00 (webtiles) character file.

Game seed: 14607382327546152089

185 ChrisAssaf the Sneak (level 5, 0/44 HPs)
             Began as a Naga Enchanter on May 8, 2023.
             Slain by a ball python (1 damage)
             ... on level 3 of the Dungeon.
             The game lasted 00:09:36 (1470 turns).

ChrisAssaf the Sneak (Naga Enchanter)               Turns: 1470, Time: 00:09:37

Health: 0/44       AC:  2    Str: 15    XL:     5   Next: 64%
Magic:  9/9        EV: 10    Int: 27    God:
Gold:   24         SH:  0    Dex: 11    Spells: 1/9 levels left

rFire   . . .        h - +5 spear of a sewer {freeze, rElec Str+2}
rCold   . . .        (no shield)
rNeg    . . .        b - +0 robe
rPois   +            (no helmet)
rElec   +            (no cloak)
rCorr   .            (no gloves)
SInv    +            (no barding)
Will    .....        (no amulet)
Stlth   +++          f - +6 ring of intelligence
HPRegen 0.27/turn    i - +6 ring of intelligence
MPRegen 0.11/turn

%: no passive effects
@: very slow
A: AC +1, large, see invisible, deformed body, poison resistance, slowness 2,
spit poison 1, naga tail 1
a: Spit Poison


You were on level 3 of the Dungeon.
You visited 1 branch of the dungeon, and saw 4 of its levels.
You also visited: Sewer.

You collected 24 gold pieces.

Inventory:

Hand Weapons
 a - a +1 dagger of chaos
 h - the +5 spear of a sewer (weapon) {freeze, rElec Str+2}
   (You found it on level 4 of the Dungeon)

   Str:       It affects your strength (+2).
   rElec:     It insulates you from electricity.
Armour
 b - a +0 robe (worn)
Jewellery
 f - a +6 ring of intelligence (left hand)
 i - a +6 ring of intelligence (right hand)
Potions
 d - a potion of degeneration {unknown}
 e - 2 potions of berserk rage {unknown}
 j - a potion of magic {unknown}
 k - a potion of experience {unknown}


   Skills:
 * Level 1.2 Fighting
 * Level 1.6 Short Blades
 * Level 0.2 Polearms
 * Level 1.1 Armour
 * Level 2.0 Dodging
 * Level 5.6 Stealth
 * Level 2.8 Spellcasting
 * Level 0.6 Conjurations
 * Level 3.6 Hexes
 * Level 1.0 Ice Magic


You had one spell level left.
You knew the following spells:

 Your Spells              Type           Power      Damage    Failure   Level
a - Ensorcelled Hibernat  Hex/Ice        32%        N/A       5%          2
b - Tukima's Dance        Hex            23%        N/A       6%          3
c - Dazzling Flash        Conj/Hex       30%        N/A       11%         3

Your spell library contained the following spells:

 Spells                   Type           Power      Damage    Failure   Level
 Confusing Touch          Hex            23%        N/A       6%          3


Dungeon Overview and Level Annotations

Branches:
Dungeon (4/15)              Sewer (visited)
 Temple: D:4-7

Altars:


Innate Abilities, Weirdness & Mutations

Your serpentine skin is tough. (AC +1)
You have supernaturally acute eyesight. (SInv)
Armour fits poorly on your strangely shaped body.
Your system is resistant to poisons. (rPois)
You cover ground very slowly.
You can spit poison.
You have a snake-like lower body.


Message History

You are frozen.
The gnoll shouts!
You puncture the endoplasm! You freeze the endoplasm.
You kill the endoplasm!
The gnoll completely misses you.
A ball python comes into view.
An orc comes into view. It is wielding a +0 war axe.
Found a glowing dark potion.
The gnoll hits you with a +0 flail!
* * * LOW HITPOINT WARNING * * *
As you read the scroll labelled BOELUJ NAITIER, it crumbles to dust.
You feel aware of your surroundings.
It was a scroll of magic mapping.
The gnoll hits you with a +0 flail!
* * * LOW HITPOINT WARNING * * *
As you read the scroll labelled GYUGHOA COUDAN, it crumbles to dust.
It is a scroll of amnesia.
Really abort (and waste the scroll)? [Y]es or [N]o only, please.
Really abort (and waste the scroll)?
Okay, then.
The gnoll shouts!
The gnoll shouts!
You flicker for a moment.
You flicker back into view.
The helpless orc fails to defend itself.
You hit the orc. You freeze the orc.
The orc is heavily wounded.
The orc closely misses you.
You hit the orc but do no damage.
The orc is heavily wounded.
The orc hits you with a +0 war axe.
* * * LOW HITPOINT WARNING * * *
You closely miss the orc.
The orc is heavily wounded.
The orc misses you.
You barely miss the orc.
The orc is moderately wounded.
The orc misses you. The gnoll hits you with a +0 whip.
* * * LOW HITPOINT WARNING * * *
The ball python bites you.
You die...

******* *~~,~,,~* *,,,,,*
*~,,~,,~* *,,,,,*
**********,,,~~~,* *******,,,,,*
*,,,,,,,,,~,~~~~,*
*,,,,,,,,,,,***,,,,,,,,,,,,~~,,*
*,,,,,,,,,,,,,,########,,~,~,,**
*,,,,,,,,,,,*###......##,*,~~,*
****,**,,,,,##..o......##,,~~,***
*,**,,,,##...@g......#,*~~*,,,
******,,,#...S...g....#***~****
*~~~~*,,*#...#####....# *~**,,
***~~~~**,#....#.$..8...#******,*
*,+~~~~+,,#...,#.8!#....#,,,,,,>*
,,*~~~~*,,#...8....#....#,,,,,***
,,*~~~~*,,#....###*#g..##,,,,,,*
<,******,,#....[.......#,,,,,,,*
,,,,,,,,,,*,,,.gg.SSg.##,,,,,,,*


You could see 2 gnolls, an orc and a ball python.

Vanquished Creatures
  An orc priest (D:4)
  2 iguanas (D:4)
  An adder (Sewer)
  A river rat (Sewer)
  4 worms
  A dart slug (D:1)
  An orc (D:4)
  8 endoplasms
  A giant cockroach (D:4)
  A hobgoblin (D:4)
  11 kobolds
  A quokka (D:4)
  6 ball pythons
  3 bats
  A frilled lizard (D:2)
  3 goblins (D:1)
  6 rats
52 creatures vanquished.

Vanquished Creatures (collateral kills)
  A kobold (Sewer)
1 creature vanquished.

Vanquished Creatures (others)
  An orc priest (D:4)
1 creature vanquished.

Grand Total: 54 creatures vanquished

Notes
Turn   | Place    | Note
-------+----------+-------------------------------------------
     0 | D:1      | ChrisAssaf the Naga Enchanter began the quest for the Orb.
     0 | D:1      | Reached XP level 1. HP: 15/15 MP: 3/3
   137 | D:1      | Reached XP level 2. HP: 14/22 MP: 5/5
   140 | D:1      | Learned a level 2 spell: Ensorcelled Hibernation
   187 | D:2      | Found a faded altar of an unknown god.
   359 | D:4      | Found a glowing drain.
   385 | Sewer    | Entered a sewer
   391 | Sewer    | Reached XP level 3. HP: 26/30 MP: 4/6
   406 | Sewer    | Learned a level 3 spell: Tukima's Dance
   712 | Sewer    | Reached skill level 5 in Stealth
   820 | Sewer    | Reached XP level 4. HP: 37/37 MP: 7/7
   824 | Sewer    | Learned a level 3 spell: Dazzling Flash
   992 | D:4      | Reached skill level 1 in Fighting
   997 | D:4      | Reached XP level 5. HP: 44/44 MP: 7/9
  1059 | D:4      | Identified the +5 spear of a sewer {freeze, rElec Str+2}
  1101 | D:4      | Reached skill level 1 in Armour
  1287 | D:4      | Reached skill level 1 in Ice Magic
  1415 | D:4      | Noticed a phantom
  1460 | D:3      | HP: 1/44 [gnoll/+0 flail (8)]
  1468 | D:3      | HP: 2/44 [orc/+0 war axe (2)]
  1470 | D:3      | Slain by a ball python

Illustrated notes

Levels and vault maps discovered:
D:1:      dpeg_arrival_arbitrary_a, layout_loops_ring, serial_shops,
          nicolae_shop_rolling_square, shop, minmay_worlds_worst_comb
D:2:      layout_basic, ebering_ecumenical_altar_rust, minmay_misc_feat_x
D:3:      layout_rooms, serial_rivers, chequers_serial_rivers_large_b,
          chequers_serial_rivers_room_b, chequers_serial_rivers_small_3,
          chequers_serial_rivers_micro_d, chequers_serial_rivers_room_b,
          kennysheep_potato
D:4:      layout_loops_corners, cheibrodos_sewer_entry_sluice, abandoned_shop

Skill      XL: |  1  2  3  4  5 |
---------------+----------------+-----
Stealth        | 5 |  5.6
Fighting       | 1 |  1.2
Armour         | 1 |  1.1
Dodging        | 2 |  2.0
Ice Magic      | 1 |  1.0
Short Blades   | |  1.6
Polearms       | |  0.2
Spellcasting   | |  2.8
Conjurations   | |  0.6
Hexes          | |  3.6

Action                     |  1- 3 |  4- 6 || total
---------------------------+-------+-------++-------
  Melee: Dagger            |    70 |    12 ||    82
         Punch             |     2 |       ||     2
         Spear             |       |    13 ||    13
   Cast: Ensorcelled Hiber |    19 |     1 ||    20
         Tukima's Dance    |       |     3 ||     3
Ability: Spit Poison       |    29 |    14 ||    43
    Use: Potion            |     2 |     3 ||     5
         Scroll            |       |     5 ||     5
   Stab: Sleeping          |    14 |     6 ||    20
         Invisible         |       |     1 ||     1
 Armour: Robe              |    17 |     5 ||    22
  Dodge: Dodged            |    38 |    18 ||    56
